 Dungeon Crawl Stone Soup version 0.21.1-1-g345015f (webtiles) character file.

5845 Wander the Basher (level 11, -2/114 HPs)
             Began as a Human Wanderer on May 5, 2018.
             Was a Follower of Ashenzari.
             Slain by an orc warrior
             ... wielding a +1 war axe of chopping
             ... summoned by an orc knight
              (21 damage)
             ... in a bailey.
             The game lasted 00:26:01 (8788 turns).

Wander the Basher (Human Wanderer)                  Turns: 8788, Time: 00:26:02

Health: -2/114     AC: 20    Str: 21    XL:     11   Next: 7%
Magic:  11/11      EV:  5    Int: 10    God:    Ashenzari [*.....]
Gold:   525        SH: 12    Dex: 18    Spells: 10/10 levels left

rFire    . . .     SeeInvis .   n - +5 flail (drain) (curse)
rCold    . . .     Gourm    .   j - +0 shield
rNeg     . . .     Faith    .   k - +4 plate armour
rPois    .         Spirit   .   (no helmet)
rElec    .         Reflect  .   (no cloak)
rCorr    .         Harm     .   v - +0 pair of gloves
MR       .....                  z - +0 pair of boots
Stlth    ..........             (no amulet)
HPRegen  0.29/turn              p - +5 ring of dexterity
MPRegen  0.12/turn              (no ring)

@: mighty, berserking, very quick
A: thin metallic scales 1, blurry vision 1, dopey 1, wild magic 1
a: Curse Item, Scrying, Renounce Religion


You were in a bailey.
You worshipped Ashenzari.
Ashenzari was aware of your devotion.
You were not hungry.

You visited 2 branches of the dungeon, and saw 10 of its levels.
You also visited: Ossuary and Bailey.

You collected 525 gold pieces.

Inventory:

Hand Weapons
 e - a +0 mace
 i - a +0 whip
 n - a cursed +5 flail of draining (weapon)
 B - a +0 mace of protection
 D - a +2 whip of flaming
Missiles
 I - 3 javelins of penetration (quivered)
Armour
 a - a +2 scale mail
 j - a +0 shield (worn)
 k - a +4 plate armour (worn)
 v - a +0 pair of gloves (worn)
 z - a +0 pair of boots (worn)
Magical Staves
 E - an uncursed staff of earth
Jewellery
 p - a +5 ring of dexterity (left hand)
 q - an uncursed ring of protection from magic
 H - an uncursed ring of magical power
Wands
 x - a wand of paralysis (17)
 A - a wand of flame (22)
 J - a wand of acid (5)
Scrolls
 d - 7 scrolls of remove curse
 l - a scroll of fear
 u - 9 scrolls of teleportation
 w - 3 scrolls of immolation
 C - a scroll of summoning
 F - 7 scrolls of enchant weapon
 G - 2 scrolls of enchant armour
 L - a scroll of acquirement {unknown}
Potions
 b - 3 potions of cancellation
 c - 8 potions of curing
 g - a potion of heal wounds
 h - 4 potions of brilliance
 m - a potion of haste
 o - a potion of flight
 r - a potion of mutation
 s - a potion of might
 K - a potion of berserk rage
Books
 t - a book of Minor Magic

   Spells                             Type                      Level
   a - Magic Dart                     Conjuration                  1
   b - Blink                          Translocation                2
   c - Call Imp                       Summoning                    2
   d - Slow                           Hexes                        2
   e - Conjure Flame                  Conjuration/Fire             3
   f - Mephitic Cloud                 Conjuration/Poison/Air       3
 y - a book of Geomancy

   Spells                             Type                      Level
   a - Sandblast                      Earth                        1
   b - Passwall                       Transmutation/Earth          2
   c - Stone Arrow                    Conjuration/Earth            3
   d - Petrify                        Transmutation/Earth          4
   e - Lee's Rapid Deconstruction     Earth                        5
Comestibles
 f - 9 rations


   Skills:
 + Level 3.9 Fighting
 * Level 11.6 Maces & Flails
   Level 2.0 Crossbows
 - Level 1.0 Throwing
 + Level 5.0 Armour
 - Level 1.0 Dodging
 * Level 8.9 Shields
 - Level 1.0 Unarmed Combat
 - Level 1.0 Evocations


You had 10 spell levels left.
You didn't know any spells.

Dungeon Overview and Level Annotations

Branches:
Dungeon (9/15)             Temple (1/1) D:6            Lair (0/6) D:8
    Orc: D:9-12

Altars:
Ashenzari
Cheibriados
Dithmenos
Elyvilon
Fedhas
Hepliaklqana
Kikubaaqudgha
Makhleb
Nemelex Xobeh
Okawaru
Qazlal
Ru
Sif Muna
Trog
Vehumet
Wu Jian
Xom
Yredelemnul
Zin
The Shining One

Annotations:
D:4 2 transporters


Innate Abilities, Weirdness & Mutations

You are partially covered in thin metallic scales. (AC +2)
Scrolls take you a little longer to read.
You are dopey. (Int -2)
Your spells are a little harder to cast, but a little more powerful.


Message History

You bludgeon the orc knight!!
The orc knight is heavily wounded.
The orc warrior hits you but does no damage.
You block the orc warrior's attack. The orc knight hits you with a glaive!
* * * LOW HITPOINT WARNING * * *
Unknown command.
You are too berserk!
You are too berserk!
You are too berserk!
Your shield and plate armour prevent you from hitting the orc knight.
The orc knight is heavily wounded.
Unknown command.
You closely miss the orc knight.
The orc knight is heavily wounded.
You block the orc warrior's attack.
The orc wizard gestures wildly while chanting.
The orc wizard flickers and vanishes!
Deactivating autopickup; reactivate with Ctrl-A.
The orc warrior hits you with a war axe of chopping!!
You die...

############ #######
#.∩.)).....## ##.....#########
...)))......######)).....#.....#.
...)))......#...o#o).....'.....'.
∩...........'..)@o{o)....'...oo'.
............#...o#oo.....'....o'.
............######.......#.....#.
#.∩........## ##.....#########
############ #######


You could see an orc knight, 2 orc warriors, an orc wizard and 3 orcs.

Vanquished Creatures
  2 two-headed ogres (D:8)
  Pikel (D:6)
  A hippogriff (D:8)
  Sigmund (D:4)
  2 hungry ghosts (D:7)
  Eustachio (D:5)
  Edmund (D:4)
  Duvessa (D:5)
  An ice beast (D:6)
  10 orc warriors (Bailey)
  2 black bears
  A sky beast (D:6)
  A necrophage (D:8)
  2 ogres
  4 bullfrogs
  An elf zombie (Ossuary)
  Dowan (D:5)
  5 scorpions
  6 killer bees (D:8)
  2 crimson imps
  2 hounds
  2 orc priests
  3 orc wizards
  Natasha (D:4)
  7 worker ants
  4 mummies (Ossuary)
  7 adders
  2 adder zombies
  3 oozes
  4 worms
  2 dart slugs
  4 leopard geckos
  45 orcs
  3 bats
  4 giant cockroaches
  3 gnoll zombies (Ossuary)
  8 goblins
  8 hobgoblins
  12 jackals
  4 quokkas
  8 frilled lizards
  A goblin zombie (Ossuary)
  3 jackal zombies (Ossuary)
  4 kobolds
  A kobold zombie (Ossuary)
  An orc zombie (Ossuary)
  A quokka skeleton (D:7)
  A quokka zombie (D:6)
  12 rats
  A rat zombie (Ossuary)
207 creatures vanquished.

Notes
Turn   | Place    | Note
-------+----------+-------------------------------------------
     0 | D:1      | Wander the Human Wanderer began the quest for the Orb.
     0 | D:1      | Wander set off with: a +2 scale mail, a potion of lignification, a potion of curing, a +0 club, a ration
     0 | D:1      | Reached XP level 1. HP: 15/15 MP: 1/1
   192 | D:1      | Reached skill level 1 in Maces & Flails
   338 | D:1      | Reached XP level 2. HP: 21/21 MP: 2/2
   526 | D:1      | Reached skill level 2 in Maces & Flails
   855 | D:2      | Reached XP level 3. HP: 20/26 MP: 3/3
  1095 | D:2      | Reached skill level 1 in Shields
  1584 | D:2      | Reached XP level 4. HP: 20/32 MP: 4/4
  1945 | D:3      | Reached skill level 3 in Maces & Flails
  2358 | D:3      | Reached XP level 5. HP: 37/37 MP: 5/5
  3108 | D:4      | Found a transporter.
  3208 | D:4      | Found a glowing golden altar of the Shining One.
  3211 | D:4      | Noticed Sigmund
  3223 | D:4      | Killed Sigmund
  3223 | D:4      | Reached skill level 4 in Maces & Flails
  3223 | D:4      | Reached XP level 6. HP: 7/43 MP: 6/6
  3247 | D:4      | Noticed Edmund
  3264 | D:4      | Killed Edmund
  3264 | D:4      | Reached skill level 5 in Maces & Flails
  3264 | D:4      | Reached XP level 7. HP: 8/48 MP: 7/7
  3349 | D:5      | Entered Level 5 of the Dungeon
  3535 | D:4      | Found a transporter.
  3619 | D:4      | Reached skill level 6 in Maces & Flails
  3631 | D:4      | Found a sacrificial altar of Ru.
  3638 | D:4      | Found a burning altar of Makhleb.
  3776 | D:4      | Found a sand-covered staircase.
  3776 | D:4      | Noticed Natasha
  3785 | Ossuary  | Entered an ossuary
  3799 | Ossuary  | Gained mutation: Scrolls take you a little longer to read. [potion of mutation]
  3799 | Ossuary  | Gained mutation: You are dopey. (Int -2) [potion of mutation]
  3799 | Ossuary  | Gained mutation: You are partially covered in thin metallic scales. (AC +2) [potion of mutation]
  3799 | Ossuary  | Gained mutation: Your spells are a little harder to cast, but a little more powerful. [potion of mutation]
  3839 | Ossuary  | Reached XP level 8. HP: 23/54 MP: 8/8
  4249 | Ossuary  | Reached skill level 5 in Shields
  4320 | D:4      | Killed Natasha
  4811 | D:5      | Noticed Eustachio
  4831 | D:5      | Killed Eustachio
  4831 | D:5      | Reached skill level 7 in Maces & Flails
  4974 | D:5      | Noticed Dowan
  4976 | D:5      | Noticed Duvessa
  4986 | D:5      | Killed Duvessa
  4988 | D:5      | Killed Dowan
  5050 | D:5      | Found a sparkling altar of Nemelex Xobeh.
  5544 | D:6      | Reached skill level 8 in Maces & Flails
  5589 | D:6      | Found a bloodstained altar of Trog.
  5638 | D:6      | Found a staircase to the Ecumenical Temple.
  5645 | D:6      | Reached XP level 9. HP: 59/59 MP: 9/9
  5650 | Temple   | Entered the Ecumenical Temple
  5688 | Temple   | Became a worshipper of Ashenzari the Shackled
  5805 | D:6      | Noticed Pikel
  5834 | D:6      | Killed Pikel
  5834 | D:6      | Reached skill level 9 in Maces & Flails
  6580 | D:7      | Reached * piety under Ashenzari
  6608 | D:7      | Reached skill level 10 in Maces & Flails
  6844 | D:8      | Reached XP level 10. HP: 55/68 MP: 10/10
  6978 | D:8      | Found a staircase to the Lair.
  7092 | D:8      | Noticed a two-headed ogre
  7105 | D:8      | Killed a two-headed ogre
  7107 | D:8      | Found a snail-covered altar of Cheibriados.
  7149 | D:8      | Reached skill level 11 in Maces & Flails
  7242 | D:8      | Noticed a two-headed ogre
  7250 | D:8      | Killed a two-headed ogre
  7967 | D:9      | Found a flagged portal.
  7993 | Bailey   | Entered a bailey
  8608 | Bailey   | Noticed an orc knight
  8638 | Bailey   | Reached XP level 11. HP: 47/76 MP: 11/11
  8690 | Bailey   | Reached skill level 5 in Armour
  8788 | Bailey   | Slain by an orc warrior

Skill      XL: |  1  2  3  4  5  6  7  8  9 10 11 |
---------------+----------------------------------+-----
Maces & Flails | 1 2 3 4 5 6 8 10 11 | 11.6
Shields        | 1 2 3 4 5 7 8 |  8.9
Fighting       | 2 3 |  3.9
Armour         | 4 5 |  5.0
Crossbows      | |  2.0
Throwing       | |  1.0
Dodging        | |  1.0
Unarmed Combat | |  1.0
Evocations     | |  1.0

Action                   |  1- 3 |  4- 6 |  7- 9 | 10-12 || total
-------------------------+-------+-------+-------+-------++-------
Melee: Mace              |    18 |       |       |       ||    18
       Whip              |   190 |   282 |       |       ||   472
       Flail             |       |       |   326 |   215 ||   541
Invok: Curse Item        |       |       |     1 |       ||     1
  Use: Scroll            |       |     5 |    14 |       ||    19
       Potion            |       |     3 |     2 |     7 ||    12
 Stab: Invisible         |       |     4 |       |       ||     4
  Eat: Chunk             |     2 |     6 |    13 |     7 ||    28
       Ration            |       |       |     2 |       ||     2
Armor: Scale mail        |    14 |       |       |       ||    14
       Plate armour      |   143 |   162 |   220 |   181 ||   706
       Skin              |       |       |   157 |       ||   157
Dodge: Dodged            |    15 |     9 |    55 |    78 ||   157
Block: Shield            |    89 |   103 |   220 |   212 ||   624
